 Dungeon Crawl Stone Soup version 0.31.0-32-g396128a36d (webtiles) character file.

Game seed: 10767430245597197180

7770 tizbic2 the Cruncher (level 11, -6/93 HPs)
             Began as a Ghoul Wanderer on Apr 10, 2024.
             Was an Elder of Okawaru.
             Mangled by a slime creature (9 damage)
             ... on level 10 of the Dungeon.
             The game lasted 00:31:21 (6533 turns).

tizbic2 the Cruncher (Ghoul Wanderer)               Turns: 6533, Time: 00:31:21

Health: -6/93      AC: 13    Str: 20    XL:     11   Next: 20%
Magic:  0/17       EV: 14    Int: 14    God:    Okawaru [****..]
Gold:   220        SH:  0    Dex:  6    Spells: 17/18 levels left

rFire   . . .        a - +7 quarterstaff (flame)
rCold   + . .        (shield currently unavailable)
rNeg    + + +        M - +1 chain mail of Edue {SInv}
rPois   ∞            b - +0 helmet
rElec   .            K - +0 cloak
rCorr   +            (no gloves)
SInv    +            (no boots)
Will    .....        Q - amulet of guardian spirit Stlth
                     F - ring of resist corrosion
HPRegen 0.00/turn    E - +5 ring of evasion
MPRegen 0.15/turn

%: guardian spirit
@: inhibited regen
A: claws 1, cold resistance 1, negative energy resistance 3, inhibited
regeneration, torment resistance 2, devour on kill
a: Renounce Religion, Heroism, Finesse


You were on level 10 of the Dungeon.
You worshipped Okawaru.
Okawaru was greatly pleased with you.
You visited 2 branches of the dungeon, and saw 11 of its levels.

You collected 743 gold pieces.
You spent 523 gold pieces at shops.

Inventory:

Hand Weapons
 a - a +7 quarterstaff of flaming (weapon)
 s - a +3 battleaxe of freezing
 u - a +1 mace of draining
 y - a +6 flail of protection
 O - a +2 vampiric whip
Missiles
 j - 5 curare-tipped darts
 A - 20 poisoned darts
Armour
 b - a +0 helmet (worn)
 h - a +0 kite shield
 K - a +0 cloak (worn)
 L - the +0 leather armour "Dezesip" {rF+++ rC- Str-3 SInv}
   (You found it on level 7 of the Dungeon)

   Str-3:     It affects your strength (-3).
   rF+++:     It renders you almost immune to fire.
   rC-:       It makes you vulnerable to cold.
   SInv:      It lets you see invisible.
 M - the +1 chain mail of Edue (worn) {SInv}
   (You found it on level 9 of the Dungeon)

   SInv:      It lets you see invisible.
Jewellery
 x - a +6 ring of dexterity
 E - a +5 ring of evasion (right claw)
 F - a ring of resist corrosion (left claw)
 H - a ring of magical power
 Q - an amulet of guardian spirit (around neck)
 R - a ring of flight
Wands
 q - a wand of flame (39) (quivered)
 v - a wand of digging (3)
 w - a wand of polymorph (18)
 B - a wand of mindburst (10)
 P - a wand of paralysis (4)
Scrolls
 f - a scroll of amnesia
 k - a scroll of revelation {unknown}
 l - 2 scrolls of noise
 n - 2 scrolls of immolation {unknown}
 o - a scroll of fog {unknown}
 p - 6 scrolls of teleportation
 t - a scroll of torment {unknown}
 D - a scroll of blinking {unknown}
Potions
 c - 3 potions of haste
 d - a potion of berserk rage
 e - a potion of might {unknown}
 g - 3 potions of curing
 i - a potion of degeneration {unknown}
 m - 2 potions of enlightenment
 z - 2 potions of brilliance
 C - 2 potions of attraction
 G - a potion of invisibility
 I - a potion of ambrosia {unknown}
 J - a potion of magic
 N - a potion of lignification {unknown}
 S - a potion of mutation {unknown}


   Skills:
 + Level 7.6 Fighting
 * Level 9.5 Staves
 - Level 1.0 Throwing
 + Level 6.4 Armour
 + Level 3.7 Dodging
 - Level 1.1 Stealth
 - Level 4.2 Spellcasting
 - Level 1.5 Conjurations
 + Level 5.3 Invocations
 - Level 4.4 Evocations


You had 17 spell levels left.
You knew the following spells:

 Your Spells              Type           Power      Damage    Failure   Level
a - Kiss of Death         Conj/Necr      20%        2d7       65%         1

Your spell library contained the following spells:

 Spells                   Type           Power      Damage    Failure   Level
 Magic Dart               Conj           28%        1d4       54%         1
 Searing Ray              Conj           14%        2d5       69%         2
 Freeze                   Ice            8%         1d3       77%         1
 Static Discharge         Conj/Air       10%        3-4/arc   80%         2
 Hailstorm                Conj/Ice       5%         3d5       95%         3
 Mephitic Cloud           Conj/Alch/Air  4%         N/A       97%         3
 Frozen Ramparts          Ice            4%         1d1       98%         3
 Airstrike                Air            1%         2d(1-17)  100%        4
 Fulminant Prism          Conj/Alch      2%         3d5       100%        4
 Summon Lightning Spire   Summ/Air       Unusable   N/A       N/A         4

Dungeon Overview and Level Annotations

Branches:
Dungeon (10/15)            Temple (1/1) D:6
   Lair: D:8-11         Orc: D:9-12

Altars:
Ashenzari
Cheibriados
Dithmenos
Fedhas
Gozag
Hepliaklqana
Kikubaaqudgha
Makhleb
Nemelex Xobeh
Okawaru
Qazlal
Ru
Sif Muna
Trog
Uskayaw
Vehumet
Wu Jian
Xom
Yredelemnul

Shops:
D:4 ?   D:9 =


Innate Abilities, Weirdness & Mutations

You are immune to poison.
You have sharp fingernails.
Your flesh is cold resistant. (rC+)
You are immune to negative energy. (rN+++)
You do not regenerate when monsters are visible.
You are immune to unholy pain and torment.
You thrive by killing the living.


Message History

You hit the slime creature but do no damage.
The slime creature is moderately wounded.
You hit the slime creature. You burn the slime creature.
The slime creature is heavily wounded.
The slime creature hits you!
You bludgeon the slime creature!! You burn the slime creature!
The slime creature is almost dead.
The slime creature barely misses you.
Two slime creatures merge to form a large slime creature.
You sock the slime creature! You burn the slime creature.
You kill the slime creature!
Okawaru accepts your kill. The large slime creature hits you!
You barely miss the large slime creature.
The large slime creature completely misses you.
You hit the large slime creature. You burn the large slime creature.
The large slime creature is lightly wounded.
The large slime creature hits you!!
You thump the large slime creature! You burn the large slime creature.
The large slime creature is lightly wounded.
You sock the large slime creature! You burn the large slime creature.
The large slime creature is moderately wounded.
The large slime creature completely misses you.
You thump the large slime creature! You burn the large slime creature.
The large slime creature is moderately wounded.
The large slime creature barely misses you.
You hit the large slime creature. You burn the large slime creature.
The large slime creature is heavily wounded.
The large slime creature hits you!!
* * * LOW HITPOINT WARNING * * *
The large slime creature attacks as it pursues you!
The large slime creature hits you!!
* * * LOW HITPOINT WARNING * * *
You feel much better.
A large slime creature splits.
The slime creature attacks as it pursues you!
The slime creature closely misses you. The slime creature hits you!
* * * LOW HITPOINT WARNING * * *
The slime creature attacks as it pursues you!
The slime creature hits you!
You die...

##..[.........#####....
##..[))....###......^.#.
#....<..................
#..........##.......###.
#..........##.....### .
#<................# .
#..........##.....#####.
##......................
##.....@..###.....#####.
#......JJ..##......####.
#..).......#####........
#..........###...#....#.
#...........##...##.#.#
#.......................
##.................#..##
####................##...
#...#...............# ##.


You could see 2 slime creatures.

Vanquished Creatures
  Lodul (D:10)
  Pikel (D:4)
  Grinder (D:3)
  A vampire (D:9)
  A slime creature (D:10)
  2 wraiths (D:9)
  6 yaks (D:9)
  A wyvern (D:7)
  Menkaure (D:5)
  Edmund (D:5)
  An acid dragon (D:9)
  A water moccasin (D:7)
  An orc warrior (D:9)
  3 sky beasts (D:6)
  9 ogres
  3 black bears
  3 ice beasts
  3 centaurs
  A phantom (D:6)
  3 kobold brigands
  3 bullfrogs (D:7)
  2 scorpions
  13 wights
  6 killer bees (D:10)
  A howler monkey (D:9)
  2 bombardier beetles
  A gnoll bouda (D:5)
  Crazy Yiuf (D:6)
  2 orc priests
  2 sleepcaps
  3 hounds
  3 jellies (D:6)
  Natasha (thrice) (D:3)
  Ijyb (D:5)
  4 iguanas
  6 orc wizards
  7 gnolls (D:5)
  8 adders
  2 shadow imps (D:7)
  A white imp (D:6)
  2 ufetubi (D:5)
  6 dart slugs
  3 ribbon worms
  29 orcs
  11 ball pythons
  2 bats
  6 endoplasms
  3 giant cockroaches
  4 goblins
  3 hobgoblins
  4 jackals (D:2)
  14 kobolds
  3 quokkas
  2 frilled lizards (D:2)
  A rat (D:1)
208 creatures vanquished.

Notes
Turn   | Place    | Note
-------+----------+-------------------------------------------
     0 | D:1      | tizbic2 the Ghoul Wanderer began the quest for the Orb.
     0 | D:1      | tizbic2 set off with the following items: a +2
                  | quarterstaff, a +0 helmet, a potion of haste, a +0 robe;
                  | and the following spell memorised: Kiss of Death; and the
                  | following spells available to memorise: Mephitic Cloud.
     0 | D:1      | Reached XP level 1. HP: 16/16 MP: 2/2
   187 | D:1      | Reached XP level 2. HP: 23/23 MP: 3/3
   496 | D:1      | Reached skill level 3 in Staves
   539 | D:1      | Found a faded altar of an unknown god.
   736 | D:2      | Reached XP level 3. HP: 26/28 MP: 4/4
   789 | D:2      | You fall into a shaft and drop 1 floor!
   959 | D:2      | Reached skill level 1 in Evocations
  1031 | D:2      | Reached XP level 4. HP: 36/36 MP: 6/6
  1252 | D:3      | Noticed Grinder
  1591 | D:3      | Noticed Natasha
  1597 | D:3      | Killed Natasha
  1598 | D:3      | Reached XP level 5. HP: 38/41 MP: 7/7
  1639 | D:3      | Found an ancient bone altar of Kikubaaqudgha.
  1723 | D:3      | Noticed Natasha
  1736 | D:3      | Killed Natasha
  1807 | D:3      | Paralysed by Grinder for 2 turns
  1816 | D:3      | Paralysed by Grinder for 3 turns
  1834 | D:3      | Paralysed by Grinder for 3 turns
  1839 | D:3      | Paralysed by Grinder for 3 turns
  1846 | D:3      | Killed Grinder
  1847 | D:3      | Reached skill level 4 in Staves
  1847 | D:3      | Reached XP level 6. HP: 22/50 MP: 7/9
  1998 | D:3      | Noticed Natasha
  2014 | D:3      | Killed Natasha
  2341 | D:4      | Reached XP level 7. HP: 36/57 MP: 10/10
  2558 | D:4      | Found Imuk's Magic Scroll Shoppe.
  2567 | D:4      | Bought a scroll of brand weapon for 133 gold pieces
  2753 | D:5      | Entered Level 5 of the Dungeon
  2759 | D:5      | Noticed Edmund
  2795 | D:5      | Killed Edmund
  2796 | D:5      | Reached skill level 5 in Staves
  2965 | D:5      | Noticed Pikel
  2968 | D:5      | Noticed Menkaure
  2994 | D:4      | Killed Pikel
  2995 | D:4      | Reached XP level 8. HP: 26/67 MP: 11/13
  3178 | D:5      | Reached skill level 6 in Staves
  3189 | D:5      | Noticed Ijyb
  3196 | D:5      | Killed Ijyb
  3283 | D:5      | Found a shadowy altar of Dithmenos.
  3284 | D:5      | Found an iron altar of Okawaru.
  3323 | D:5      | Became a worshipper of Warmaster Okawaru
  3479 | D:5      | Killed Menkaure
  3498 | D:5      | Reached skill level 5 in Fighting
  3498 | D:5      | Reached XP level 9. HP: 74/74 MP: 14/14
  3638 | D:6      | Reached * piety under Okawaru
  3639 | D:6      | Reached skill level 1 in Invocations
  3740 | D:6      | Found a runed translucent door.
  3764 | D:6      | Reached skill level 7 in Staves
  3822 | D:6      | Found a runed translucent door.
  3822 | D:6      | Found a runed translucent door.
  3823 | D:6      | Found a runed translucent door.
  4168 | D:6      | Found a runed translucent door.
  4169 | D:6      | Noticed Crazy Yiuf
  4174 | D:6      | Killed Crazy Yiuf
  4226 | D:6      | Found a staircase to the Ecumenical Temple.
  4232 | Temple   | Entered the Ecumenical Temple
  4383 | D:7      | Reached skill level 5 in Armour
  4383 | D:7      | Reached skill level 1 in Dodging
  4398 | D:7      | Identified the +0 leather armour "Dezesip" {rF+++ rC- Str-3
                  | SInv}
  4425 | D:7      | Reached XP level 10. HP: 63/83 MP: 16/16
  4425 | D:7      | Reached ** piety under Okawaru
  4497 | D:7      | Found a sparkling altar of Nemelex Xobeh.
  4571 | D:7      | Reached skill level 8 in Staves
  4968 | D:9      | Found a shimmering blue altar of Sif Muna.
  4983 | D:9      | Identified the +1 chain mail of Edue {SInv}
  5103 | D:10     | Entered Level 10 of the Dungeon
  5123 | D:10     | Reached *** piety under Okawaru
  5144 | D:10     | Noticed Lodul
  5456 | D:9      | Found Nuip's Jewellery Boutique.
  5628 | D:9      | Bought an amulet of guardian spirit for 390 gold pieces
  5919 | D:9      | Reached **** piety under Okawaru
  5920 | D:9      | Reached skill level 9 in Staves
  6022 | D:9      | Reached XP level 11. HP: 57/92 MP: 12/17
  6163 | D:10     | Reached skill level 5 in Invocations
  6172 | D:10     | Killed Lodul
  6525 | D:10     | HP: 1/93 [large slime creature (20)]
  6531 | D:10     | HP: 3/93 [slime creature (9)]
  6533 | D:10     | Mangled by a slime creature

Illustrated notes

Levels and vault maps discovered:
D:1:      spicycebolla_arrival_xxxplode, layout_loops_ring,
          hellmonk_ecumenical_altar_run_dry
D:2:      layout_basic
D:3:      layout_loops_ring, kiku_gazebo_pond_becter, uniq_natasha, uniq_grinder
D:4:      layout_loops_cross, serial_shops, shop
D:5:      layout_rooms, mainiacjoe_overflow_divided_tiny, uniq_menkaure,
          uniq_ijyb, uniq_pikel, uniq_edmund
D:6:      layout_gridville, minmay_temple_entry_enclosed_plants,
          lightli_church_of_beogh, uniq_crazy_yiuf_cottage
D:7:      layout_basic, mainiacjoe_overflow_concentric_impassable
D:8:      layout_loops_cross, good_gods_temple_1, uniq_maggie, uniq_maurice
D:9:      layout_loops_ring, mainiacjoe_overflow_six_doors_small, serial_shops,
          nicolae_lakefront_shop
D:10:     layout_rooms, david_lair_shrubbed, uniq_lodul
Temple:   nicolae_temple_great_sept

Skill      XL: |  1  2  3  4  5  6  7  8  9 10 11 |
---------------+----------------------------------+-----
Staves         | 3 4 5 6 7 9 |  9.5
Evocations     | 1 2 3 4 |  4.4
Fighting       | 2 3 4 5 6 7 |  7.6
Armour         | 2 3 4 5 6 |  6.4
Spellcasting   | 2 3 4 |  4.2
Invocations    | 3 4 5 |  5.3
Dodging        | 1 3 |  3.7
Throwing       | |  1.0
Stealth        | |  1.1
Conjurations   | |  1.5

Action                     |  1- 3 |  4- 6 |  7- 9 | 10-12 || total
---------------------------+-------+-------+-------+-------++-------
  Melee: Quarterstaff      |    75 |    64 |   227 |   212 ||   578
         Mace              |       |    55 |       |       ||    55
         Punch             |       |     2 |     1 |     1 ||     4
         Flail             |       |       |    25 |       ||    25
         Whip              |       |       |       |    17 ||    17
         Battleaxe         |       |       |       |     9 ||     9
 Invoke: Heroism           |       |       |     3 |     2 ||     5
  Evoke: Wand              |       |       |       |     1 ||     1
    Use: Scroll            |       |     8 |     3 |     7 ||    18
         Potion            |       |       |     3 |     3 ||     6
 Armour: Robe              |    11 |       |       |       ||    11
         Ring mail         |    41 |    11 |       |       ||    52
         Chain mail        |       |    72 |   182 |   203 ||   457
  Dodge: Dodged            |    37 |    47 |   154 |   201 ||   439
